 Dungeon Crawl Stone Soup version 0.19-a0-790-ge39e1af (webtiles) character file.

1145 st0uf the Shield-Bearer (level 8, -2/68 HPs)
             Began as a Minotaur Fighter on June 26, 2016.
             Was a Follower of Pakellas.
             Slain by an orc warrior
             ... wielding a +0 halberd
              (8 damage)
             ... on level 6 of the Dungeon.
             The game lasted 00:17:29 (4114 turns).

st0uf the Shield-Bearer (Minotaur Fighter)          Turns: 4114, Time: 00:17:30

Health: -2/68      AC:  8    Str: 21    XL:     8   Next: 15%
Magic:  8/8        EV: 10    Int:  5    God:    Pakellas [*.....]
Gold:   355        SH: 10    Dex: 12    Spells: 0 memorised, 7 levels left

rFire  . . .     SeeInvis .     a - +0 war axe
rCold  . . .     Gourm    .     b - +0 scale mail
rNeg   . . .     Faith    .     c - +0 shield
rPois  .         Spirit   .     (helmet restricted)
rElec  .         Dismiss  .     (no cloak)
rCorr  +         Reflect  .     E - +0 pair of gloves
SustAt .         Harm     .     (no boots)
MR     .....                    (no amulet)
Stlth  +.........               H - ring of resist corrosion
                                D - ring of stealth

@: not resistant to hostile enchantments, very unstealthy
A: retaliatory headbutt, horns 2
a: Quick Charge, Renounce Religion


You were on level 6 of the Dungeon.
You worshipped Pakellas.
Pakellas was aware of your devotion.
You were not hungry.

You visited 1 branch of the dungeon, and saw 6 of its levels.
You also visited: Sewer.

You collected 355 gold pieces.

Inventory:

Hand Weapons
 a - a +0 war axe (weapon)
Armour
 b - a +0 scale mail (worn)
 c - a +0 shield (worn)
 E - a +0 pair of gloves (worn)
Jewellery
 y - an uncursed ring of ice
 D - a ring of stealth (left hand)
 H - a ring of resist corrosion (right hand)
Wands
 F - a wand of disintegration (12/24)
 G - a wand of lightning (7/15)
 K - a wand of confusion (15/48)
 N - a wand of polymorph (8/24)
Scrolls
 g - 2 scrolls of immolation {unknown}
 h - 3 scrolls of identify
 j - a scroll of recharging {unknown}
 k - a scroll of fear
 l - a scroll of magic mapping {unknown}
 o - a scroll of remove curse
 u - 2 scrolls of teleportation {unknown}
 x - a scroll of noise {unknown}
 A - a scroll of amnesia {unknown}
 C - 3 scrolls of random uselessness {unknown}
Potions
 d - 3 potions of might
 e - a potion of heal wounds
 i - 3 potions of brilliance
 m - a potion of curing
 n - 3 potions of resistance {unknown}
 p - a potion of flight {unknown}
 q - 2 potions of agility
 t - a potion of cure mutation {unknown}
 v - 2 potions of lignification {unknown}
 z - a potion of haste {unknown}
 B - a potion of cancellation {unknown}
 J - a potion of beneficial mutation {unknown}
 L - a potion of mutation {unknown}
 M - 2 potions of degeneration {unknown}
Comestibles
 f - 3 bread rations
 r - a slice of pizza
 s - 2 royal jellies
 w - a fruit


   Skills:
 + Level 5.2 Fighting
 + Level 5.0 Axes
 + Level 6.3 Armour
 + Level 3.6 Dodging
 + Level 6.5 Shields
 + Level 3.1 Unarmed Combat
 * Level 2.0 Evocations


You had 7 spell levels left.
You didn't know any spells.

Dungeon Overview and Level Annotations

Branches:
Dungeon (6/15)             Temple (0/1) D:6

Altars:
Elyvilon
Fedhas
Hepliaklqana
Kikubaaqudgha
Makhleb
Pakellas
Qazlal
Sif Muna
Xom
Zin
The Shining One


Innate Abilities, Weirdness & Mutations

You reflexively headbutt those who attack you in melee.
You have a pair of horns on your head.


Message History

You kill the ogre!
Pakellas accepts your kill.
Pakellas collects the excess magic power.
Your Evocations skill increases to level 2!
The orc warrior hits you from afar with a halberd!!
The orc warrior hits you with a halberd!
You see here a giant club.
You hit the orc warrior.
The orc warrior is moderately wounded.
The orc warrior hits you with a halberd!
* * * LOW HITPOINT WARNING * * *
Evoke which item? (* to show all) (? for menu, Esc to quit)
Zapping:
K - a wand of confusion (16/48)
Press: ? - help, Shift-Dir - straight line, f - orc warrior
Aim: an orc warrior, wielding a halberd and wearing a chain mail (moderately wounded, chance to defeat MR: 50%)
The orc warrior resists with some effort.
This wand has 15 charges left.
The orc warrior hits you with a halberd!
You die...
Pakellas says: Time to start the next experiment...

#.......#..##
#.......#.....
............. #
#............ #.
#............ ##..
#............ #....
#^...........
#.....####............
#.....o@)#.###.#......
#.....##)..##...........
#.### ##..##.>..........
#...................
#..#..#.##..........
#...##.#.##........>.
...#.......#..........
.... #.....#.#....<...
... #.....#.##.......


You could see an orc warrior.

Vanquished Creatures
  The ghost of heinrich the Skirmisher, an amateur HuWn (Sewer)
  2 ogres
  A crocodile (Sewer)
  3 scorpions
  A water moccasin skeleton (D:6)
  2 crimson imps (D:5)
  A jelly (D:5)
  2 hounds (D:5)
  An orc wizard (D:3)
  3 worker ants
  A hound skeleton (D:6)
  A worker ant zombie (D:5)
  7 gnolls (D:5)
  4 adders
  2 oozes
  5 worms
  3 dart slugs
  A giant gecko (D:3)
  14 orcs
  A ball python (D:2)
  12 bats
  3 giant cockroaches
  8 goblins
  5 hobgoblins
  11 jackals
  2 quokkas
  5 giant newts
  A jackal skeleton (D:4)
  4 kobolds
  A quokka zombie (D:6)
  5 rats
113 creatures vanquished.

Vanquished Creatures (others)
  5 sheep (D:3)
5 creatures vanquished.

Grand Total: 118 creatures vanquished

Notes
Turn   | Place    | Note
--------------------------------------------------------------
     0 | D:1      | st0uf the Minotaur Fighter began the quest for the Orb.
     0 | D:1      | Reached XP level 1. HP: 19/19 MP: 0/0
   115 | D:1      | Reached XP level 2. HP: 24/27 MP: 1/1
   606 | D:2      | Found a white marble altar of Elyvilon.
   637 | D:2      | Reached XP level 3. HP: 30/33 MP: 2/2
   746 | D:2      | Reached skill level 1 in Unarmed Combat
   861 | D:2      | Found a burning altar of Makhleb.
  1366 | D:3      | Reached XP level 4. HP: 40/40 MP: 3/3
  1373 | D:3      | Reached skill level 1 in Dodging
  1639 | D:3      | Reached XP level 5. HP: 45/46 MP: 4/4
  1657 | D:3      | Found a shimmering altar of Xom.
  1728 | D:3      | Found a stormy altar of Qazlal.
  1905 | D:3      | Found a glowing drain.
  1917 | Sewer    | Entered a sewer
  1925 | Sewer    | Noticed heinrich's ghost (amateur HuWn)
  1935 | Sewer    | Killed heinrich's ghost
  1935 | Sewer    | Reached skill level 5 in Armour
  1935 | Sewer    | Reached skill level 5 in Shields
  1935 | Sewer    | Reached XP level 6. HP: 36/53 MP: 5/5
  2665 | D:4      | Reached XP level 7. HP: 60/60 MP: 6/6
  2928 | D:4      | Found a blossoming altar of Fedhas.
  2928 | D:4      | Found a glowing golden altar of the Shining One.
  2933 | D:4      | Found an oddly glowing altar of Pakellas.
  2934 | D:4      | Found a glowing silver altar of Zin.
  2934 | D:4      | Found a deep blue altar of Sif Muna.
  2937 | D:4      | Found an ancient bone altar of Kikubaaqudgha.
  2939 | D:4      | Found a hazy altar of Hepliaklqana.
  2946 | D:4      | Became a worshipper of Pakellas the Inventive
  2967 | D:5      | Entered Level 5 of the Dungeon
  3162 | D:5      | Reached skill level 1 in Evocations
  3470 | D:5      | Reached skill level 5 in Fighting
  3489 | D:5      | Reached * piety under Pakellas
  3489 | D:5      | Received a gift from Pakellas
  3878 | D:5      | Reached XP level 8. HP: 36/68 MP: 8/8
  4036 | D:6      | Reached skill level 5 in Axes
  4051 | D:6      | Found a staircase to the Ecumenical Temple.
  4114 | D:6      | Slain by an orc warrior

Vault maps used:
D:1:      minmay_arrival_four_loops
D:2:      old_standard_altar, lemuel_crystal_altar, first_bread
D:3:      kb_xom_exploding_sheep, portal_sewer_entry_d, serial_forest,
          infiniplex_forest_lined_corner, infiniplex_forest_straight_2,
          infiniplex_forest_lined_2, infiniplex_forest_end_1,
          kennysheep_crisscross, grunt_qazlal_sundering
D:4:      minitemple
Sewer:    sewer_big_baddie

Skill      XL: |  1  2  3  4  5  6  7  8 |
---------------+-------------------------+-----
Shields        | 4 5 6 |  6.5
Fighting       | 4 5 |  5.2
Armour         | 4 5 6 |  6.3
Unarmed Combat | 1 2 3 |  3.1
Dodging        | 1 2 3 |  3.6
Axes           | 3 4 5 |  5.0
Evocations     | 1 2 |  2.0

Action                   |  1- 3 |  4- 6 |  7- 9 || total
-------------------------+-------+-------+-------++-------
Melee: War axe           |    92 |    81 |   111 ||   284
       Headbutt          |    11 |    13 |    26 ||    50
Evoke: Wand              |       |       |     7 ||     7
  Use: Scroll            |       |     6 |       ||     6
       Potion            |       |     1 |       ||     1
 Stab: Confused          |       |       |     1 ||     1
  Eat: Chunk             |     1 |     3 |     5 ||     9
       Pizza             |       |       |     1 ||     1
Armor: Scale mail        |    37 |    33 |    28 ||    98
Dodge: Dodged            |    22 |    36 |    42 ||   100
Block: Shield            |    49 |    60 |    78 ||   187
